 Dungeon Crawl Stone Soup version 0.30.1-9-gdf580d7c3d (webtiles) character file.

Game seed: 811715791830804166

108 lonewolfV2 the Shield-Bearer (level 5, -2/42 HPs)
             Began as a Formicid Fighter on Oct 16, 2023.
             Killed by nerve-wracking pain
             ... invoked by Grinder
              (13 damage)
             ... on level 3 of the Dungeon.
             The game lasted 00:05:51 (2202 turns).

lonewolfV2 the Shield-Bearer (Formicid Fighter)     Turns: 2202, Time: 00:05:51

Health: -2/42      AC:  6    Str: 20    XL:     5   Next: 12%
Magic:  5/5        EV:  9    Int:  8    God:
Gold:   124        SH:  5    Dex: 15    Spells: 4/4 levels left

rFire   . . .        i - +6 mace "Juyfis" {heavy, rC+}
rCold   + . .        c - +0 buckler
rNeg    . . .        b - +0 scale mail
rPois   .            (helmet unavailable)
rElec   .            (no cloak)
rCorr   .            (no gloves)
SInv    +            (no boots)
Will    .....        g - amulet of faith Stlth
                     (no ring)
HPRegen 0.27/turn    (no ring)
MPRegen 0.09/turn

%: faith
@: no status effects
A: permanent stasis, dig shafts and tunnels, antennae 3, four strong arms
a: Dig, Shaft Self


You were on level 3 of the Dungeon.
You visited 1 branch of the dungeon, and saw 3 of its levels.

You collected 124 gold pieces.

Inventory:

Hand Weapons
 a - a +1 war axe
 i - the +6 mace "Juyfis" (weapon) {heavy, rC+}
   (You found it on level 2 of the Dungeon)

   rC:        It protects you from cold.
Armour
 b - a +0 scale mail (worn)
 c - a +0 buckler (worn)
Jewellery
 g - an amulet of faith (around neck)
Wands
 j - a wand of polymorph (9)
 l - a wand of charming (10)
Scrolls
 f - 2 scrolls of identify
Potions
 d - a potion of might
 e - a potion of attraction
 h - a potion of mutation
 k - a potion of curing


   Skills:
 - Level 3.9 Fighting
 - Level 2.7(3.2) Axes
 + Level 2.3(3.0) Maces & Flails
 - Level 3.5 Armour
 - Level 4.8 Shields


You had 4 spell levels left.
You didn't know any spells.
Your spell library was empty.

Dungeon Overview and Level Annotations

Branches:
Dungeon (3/15)

Altars:

Annotations:
D:3 Grinder


Innate Abilities, Weirdness & Mutations

You cannot be hasted, slowed, berserked, paralysed or teleported.
You can dig through walls and to a lower floor.
You have a pair of large antennae on your head. (SInv)
Your four strong arms can wield two-handed weapons with a shield.


Message History

Grinder is nearby!
Grinder is nearby!
Grinder is nearby!
Grinder gestures at you.
Your stasis prevents you from being paralysed.
Grinder hits you but does no damage.
You closely miss Grinder. You block Grinder's attack.
Grinder says, "FISH!"
Grinder hits you.
You writhe in agony.
You hit Grinder.
Grinder is lightly wounded.
Grinder gestures at you.
Your stasis prevents you from being paralysed.
Grinder gestures at you.
Your stasis prevents you from being paralysed.
You sock Grinder!
Grinder is moderately wounded.
Grinder hits you.
You writhe in agony.
Grinder gestures at you. You resist with significant effort.
You barely miss Grinder.
Grinder is moderately wounded.
Grinder hits you.
You writhe in agony.
Grinder hits you but does no damage.
You bludgeon Grinder!!
Grinder is almost dead.
Grinder hits you but does no damage. Grinder barely misses you.
You barely miss Grinder.
Grinder is almost dead.
Grinder hits you.
You writhe in agony.
Grinder hits you.
You barely miss Grinder.
Grinder is almost dead.
Grinder gestures at you. Pain shoots through your body!
* * * LOW HITPOINT WARNING * * *
You barely miss Grinder.
Grinder is almost dead.
Grinder barely misses you. Grinder gestures at you.
Pain shoots through your body!
You die...

### ###
######.###.############
####.................†...#
.....#.##.)......#########
####.#.##.###..#.#
####.#.##.###..#.#
...........##..#.####.##
..##.#..##......@.......
........##..#..#5.....##
......... ..........#...
....................# ##
...#.#..##..#.#.....#
............#.#......
...#.#....... #...#.#.
.>.. . ......... ...#.


You could see Grinder.

Vanquished Creatures
  4 adders (D:2)
  2 worms (D:2)
  A dart slug (D:1)
  3 bats (D:1)
  13 endoplasms
  3 giant cockroaches
  4 goblins
  7 hobgoblins
  6 jackals
  2 quokkas (D:1)
  6 ball pythons
  4 frilled lizards
  2 kobolds
  3 rats
60 creatures vanquished.

Notes
Turn   | Place    | Note
-------+----------+-------------------------------------------
     0 | D:1      | lonewolfV2 the Formicid Fighter began the quest for the
                  | Orb.
     0 | D:1      | Reached XP level 1. HP: 18/18 MP: 1/1
    65 | D:1      | Reached XP level 2. HP: 13/24 MP: 2/2
   475 | D:1      | Reached XP level 3. HP: 29/29 MP: 3/3
  1336 | D:2      | Reached XP level 4. HP: 33/37 MP: 4/4
  1361 | D:2      | Identified the +6 mace "Juyfis" {heavy, rC+}
  1508 | D:2      | Reached skill level 1 in Maces & Flails
  1981 | D:2      | Reached XP level 5. HP: 41/42 MP: 5/5
  2186 | D:3      | Noticed Grinder
  2202 | D:3      | Killed from afar by Grinder

Illustrated notes

Levels and vault maps discovered:
D:1:      eino_arrival_druids_welcome, layout_loops_corners, serial_forest,
          infiniplex_forest_clump_large, infiniplex_forest_clump_C,
          infiniplex_forest_clump_medium, infiniplex_forest_lined_4_way,
          infiniplex_forest_clump_small, infiniplex_forest_straight_2,
          infiniplex_forest_zigzag_1, infiniplex_forest_end_3,
          infiniplex_forest_split, kennysheep_decorative_pillar,
          chequers_serial_rivers_large_b
D:2:      layout_loops_ring
D:3:      layout_basic, mainiacjoe_overflow_alcove_4, uniq_grinder,
          uniq_natasha, uniq_robin

Skill      XL: |  1  2  3  4 |
---------------+-------------+-----
Maces & Flails | 2 |  2.3
Fighting       | |  3.9
Axes           | |  2.7
Armour         | |  3.5
Shields        | |  4.8

Action                     |  1- 3 |  4- 6 || total
---------------------------+-------+-------++-------
  Melee: War axe           |   112 |     3 ||   115
         Mace              |       |    53 ||    53
    Use: Scroll            |     2 |     3 ||     5
 Armour: Scale mail        |    58 |    28 ||    86
  Dodge: Dodged            |    49 |    22 ||    71
  Block: Buckler           |    28 |    15 ||    43
